 Dungeon Crawl Stone Soup version 0.24.1-14-gf8d2b509d9 (webtiles) character file.

Game seed: 5318983235455245036, levelgen mode: deterministic

11149 billz999 the Thaumaturge (level 11, -2/89 HPs)
             Began as a Mummy Fire Elementalist on May 7, 2021.
             Was an Initiate of Gozag.
             Slain by a seven-headed hydra (12 damage)
             ... on level 2 of the Lair of Beasts.
             The game lasted 00:44:17 (12606 turns).

billz999 the Thaumaturge (Mummy Fire Elementalist) Turns: 12606, Time: 00:44:19

Health: -2/89      AC: 13    Str: 12    XL:     11   Next: 45%
Magic:  4/25       EV: 12    Int: 18    God:    Gozag
Gold:   2062       SH:  4    Dex: 15    Spells: 18/31 levels left

rFire    x . .     SeeInvis .   y - +4 war axe of Impatience {chop, rC+ Dex+3}
rCold    + + .     Gourm    .   (no shield)
rNeg     + + +     Faith    .   B - +0 leather armour
rPois    ∞         Spirit   .   o - +0 hat
rElec    .         Reflect  +   (no cloak)
rCorr    .         Harm     .   f - +2 pair of gloves
MR       ++...                  x - +1 pair of boots {Stlth+}
Stlth    +++.......             z - +4 amulet of reflection
HPRegen  0.24/turn              d - +5 ring of protection
MPRegen  0.19/turn              s - ring of protection from magic

@: no status effects
A: no food or potions, fire vulnerability, cold resistance 1, negative energy
resistance 3, torment resistance, unbreathing
a: Potion Petition, Call Merchant, Bribe Branch, Renounce Religion


You were on level 2 of the Lair of Beasts.
You worshipped Gozag.
Gozag was most pleased with you.
You were not hungry.

You visited 3 branches of the dungeon, and saw 14 of its levels.
You also visited: Sewer.

You collected 2124 gold pieces.
You paid 62 gold pieces to Gozag.

Inventory:

Hand Weapons
 y - the +4 war axe of Impatience (weapon) {chop, rC+ Dex+3}
   (You took it off a wight on level 6 of the Dungeon)

   It inflicts extra damage upon your enemies.
   It affects your dexterity (+3).
   It protects you from cold.
 A - a +3 vampiric hand axe
Missiles
 e - 43 bolts
Armour
 f - a +2 pair of gloves (worn)
 o - a +0 hat (worn)
 x - a +1 pair of boots of stealth (worn)
 B - a +0 leather armour (worn)
Jewellery
 d - a +5 ring of protection (left hand)
 i - a cursed amulet of regeneration {unknown}
 s - a ring of protection from magic (right hand)
 z - a +4 amulet of reflection (around neck)
 E - a +2 ring of slaying
 F - a +1 ring of evasion
Wands
 k - a wand of paralysis (5)
 p - a wand of random effects (10)
 r - a wand of digging (3)
 t - a wand of polymorph (11)
 v - a wand of iceblast (2)
 D - a wand of acid (3)
Scrolls
 a - a scroll of enchant weapon
 b - 3 scrolls of identify
 c - a scroll of torment
 g - 5 scrolls of remove curse
 h - a scroll of teleportation
 j - 3 scrolls of enchant armour
 l - 3 scrolls of fog
 m - a scroll of magic mapping {unknown}
 n - 2 scrolls of random uselessness
 q - a scroll of acquirement {unknown}
 w - 2 scrolls of amnesia
Potions
 u - 3 potions of haste


   Skills:
 * Level 9.3 Fighting
 - Level 1.5 Dodging
 - Level 1.5 Stealth
 + Level 10.7 Spellcasting
 - Level 8.0 Conjurations
 - Level 8.1 Fire Magic


You had 18 spell levels left.
You knew the following spells:

 Your Spells              Type           Power        Failure   Level  Hunger
a - Flame Tongue          Conj/Fire      #####        1%          1    N/A
b - Conjure Flame         Conj/Fire      #####...     1%          3    N/A
c - Sticky Flame          Conj/Fire      #####...     3%          4    N/A
d - Fireball              Conj/Fire      #####.....   10%         5    N/A

Your spell library contained the following spells:

 Spells                   Type           Power        Failure   Level  Hunger
 Throw Flame              Conj/Fire      #####.       1%          2    N/A
 Inner Flame              Hex/Fire       ###.....     5%          3    N/A
 Corpse Rot               Necr           N/A          14%         2    N/A
 Bolt of Draining         Conj/Necr      ###.......   45%         5    N/A
 Agony                    Necr           #.......     95%         5    N/A
 Dispel Undead            Necr           #.......     95%         5    N/A
 Excruciating Wounds      Chrm/Necr      #.........   95%         5    N/A
 Sublimation of Blood     Necr           Unusable     N/A         2    N/A

Dungeon Overview and Level Annotations

Branches:
Dungeon (11/15)            Temple (1/1) D:4            Lair (2/6) D:9
 Spider (0/4) Lair:2        Sewer (visited)
  Swamp: Lair:2-4    Shoals: Lair:2-4       Orc: D:9-12

Altars:
Ashenzari
Cheibriados
Dithmenos
Elyvilon
Gozag
Makhleb
Okawaru
Ru
Sif Muna
Trog
Uskayaw
Wu Jian
Xom
Yredelemnul
Zin
The Shining One

Annotations:
D:2 1 runed translucent door, Crazy Yiuf
D:4 2 transporters, Huri's ghost, amateur GrFi
D:7 2 transporters, DownWithHope's ghost, novice FoAs


Innate Abilities, Weirdness & Mutations

You do not eat or drink.
Your flesh is vulnerable to fire.
You are immune to poison.
Your flesh is cold resistant. (rC+)
You are immune to negative energy. (rN+++)
You are immune to unholy pain and torment.
You can survive without breathing.


Message History

The seven-headed hydra bites you but does no damage.
The seven-headed hydra bites you.
Okay, then.
Casting: Fireball (slightly dangerous; 10% risk of failure)
Confirm with . or Enter, or press ? or * to list all spells.
Aiming: Fireball (slightly dangerous; 10% risk of failure)
Press: ? - help, Shift-Dir - straight line, p - seven-headed hydra The fireball explodes!
The fireball engulfs the seven-headed hydra!
The seven-headed hydra is almost dead.
The seven-headed hydra bites you. The seven-headed hydra misses you.
The seven-headed hydra barely misses you.
The seven-headed hydra bites you!
* * * LOW HITPOINT WARNING * * *
The seven-headed hydra bites you but does no damage.
The seven-headed hydra bites you!
* * * LOW HITPOINT WARNING * * *
The seven-headed hydra bites you!
You die...
Your body crumbles into a pile of gold.

#....#.....P.##........#...
##....###..##.##........P...
#.....# #...#.###...........
##....# #..##.###....>..#...
##....# #............#.##...
#.....# #..#..........##P...
##....###...................
#.........D................
##...###..@................
##..# ###P..........#.#..#
## ####...#
###........#.#....
#♣≈♣#.##...#
####.##.#####>..
♣≈≈P.......# ###### #...
≈≈≈........## ##...
≈≈≈≈...P...P# #....
≈≈P≈...##..## ##..#
♣♣≈.....#..### #...#


You could see a seven-headed hydra.

Vanquished Creatures
  A two-headed ogre (D:10)
  Nergalle (Lair:2)
  An unseen horror (D:10)
  A spiny frog (Lair:2)
  A troll (D:9)
  8 blink frogs
  A hippogriff (D:9)
  A wyvern (D:10)
  A basilisk (Lair:1)
  A hungry ghost (D:7)
  12 yaks
  Edmund (D:5)
  Menkaure (D:7)
  2 water moccasins
  2 ice beasts
  2 orc warriors (D:6)
  A necrophage (D:9)
  2 sky beasts
  4 wolves
  4 ogres
  2 crocodiles (Lair:1)
  8 centaurs
  2 big kobolds
  3 bullfrogs
  4 scorpions
  9 killer bees
  9 wights (D:6)
  2 howler monkeys (D:6)
  3 crimson imps
  2 jellies (D:7)
  A quasit (D:5)
  3 hounds
  2 orc priests
  A bullfrog skeleton (D:10)
  A gnoll shaman (D:4)
  7 orc wizards
  3 iguanas
  9 worker ants
  A hound skeleton (D:4)
  A worker ant zombie (D:9)
  A howler monkey skeleton (D:6)
  8 gnolls
  7 adders
  4 river rats
  3 shadow imps
  An ooze (D:6)
  An adder zombie (D:6)
  3 worms
  2 dart slugs (D:1)
  5 leopard geckos
  34 orcs
  3 giant cockroaches
  11 goblins
  9 hobgoblins
  17 jackals
  3 quokkas
  3 ball pythons
  5 bats
  5 frilled lizards
  9 kobolds
  9 rats
264 creatures vanquished.

Notes
Turn   | Place    | Note
-------+----------+-------------------------------------------
     0 | D:1      | billz999 the Mummy Fire Elementalist began the quest for
                  | the Orb.
     0 | D:1      | Reached XP level 1. HP: 13/13 MP: 4/4
    17 | D:1      | Reached skill level 1 in Conjurations
   127 | D:1      | Reached XP level 2. HP: 16/19 MP: 1/5
   906 | D:2      | Reached XP level 3. HP: 24/24 MP: 5/7
   950 | D:2      | Found a runed translucent door.
   951 | D:2      | Noticed Crazy Yiuf
  1512 | D:2      | Reached XP level 4. HP: 28/30 MP: 0/8
  1635 | D:2      | Learned a level 3 spell: Conjure Flame
  1640 | D:2      | Learned a level 4 spell: Sticky Flame
  1666 | D:2      | Reached skill level 3 in Spellcasting
  2466 | D:3      | Found a shattered altar of Ashenzari.
  2682 | D:3      | Reached XP level 5. HP: 35/35 MP: 6/10
  2853 | D:4      | Found a staircase to the Ecumenical Temple.
  2862 | Temple   | Entered the Ecumenical Temple
  2896 | Temple   | Became a worshipper of Gozag Ym Sagoz the Greedy
  3071 | D:4      | Found an ornate altar of the Wu Jian Council.
  3095 | D:4      | Reached skill level 4 in Spellcasting
  3206 | D:4      | Reached XP level 6. HP: 36/41 MP: 0/12
  3427 | D:4      | Found a transporter.
  3427 | D:4      | Found a transporter.
  3427 | D:4      | Noticed Huri's ghost (amateur GrFi)
  4075 | D:4      | Learned a level 5 spell: Fireball
  4094 | D:5      | Entered Level 5 of the Dungeon
  4168 | D:5      | Reached skill level 5 in Spellcasting
  4246 | D:5      | Reached XP level 7. HP: 44/46 MP: 8/14
  4291 | D:5      | Noticed Edmund
  4307 | D:5      | Killed Edmund
  4392 | D:5      | Found a shimmering altar of Xom.
  4806 | D:6      | Found a glowing drain.
  4824 | Sewer    | Entered a sewer
  5042 | Sewer    | Found a white marble altar of Elyvilon.
  5131 | D:6      | Reached skill level 6 in Spellcasting
  5258 | D:6      | Reached skill level 5 in Conjurations
  5353 | D:6      | Reached XP level 8. HP: 52/52 MP: 6/17
  5635 | D:6      | Reached skill level 5 in Fire Magic
  5741 | D:6      | Reached skill level 7 in Spellcasting
  5963 | D:6      | Found a shimmering altar of Xom.
  6318 | D:6      | Reached skill level 8 in Spellcasting
  6532 | D:6      | Identified the +4 war axe of Impatience {chop, rC+ Dex+3}
  6534 | D:6      | Reached XP level 9. HP: 34/57 MP: 2/21
  7247 | D:7      | Found a shattered altar of Ashenzari.
  7439 | D:7      | Noticed Menkaure
  7442 | D:7      | Killed Menkaure
  7974 | D:7      | Found a snail-covered altar of Cheibriados.
  7975 | D:7      | Found a bloodstained altar of Trog.
  7977 | D:7      | Found a basalt altar of Yredelemnul.
  7977 | D:7      | Found a sacrificial altar of Ru.
  8059 | D:7      | Noticed DownWithHope's ghost (novice FoAs)
  8060 | D:7      | Found a transporter.
  8061 | D:7      | Noticed a two-headed ogre
  8073 | D:7      | Reached skill level 1 in Fighting
  8130 | D:7      | Found a transporter.
  8237 | D:8      | You fall into a shaft and drop 3 floors!
  8238 | D:11     | Noticed a freezing wraith
  8255 | D:10     | Entered Level 10 of the Dungeon
  8351 | D:9      | Noticed a troll
  8362 | D:9      | Killed a troll
  8567 | D:9      | Reached XP level 10. HP: 60/70 MP: 3/22
  8736 | D:9      | Found a staircase to the Lair.
  8855 | D:9      | Found a white marble altar of Elyvilon.
  9095 | D:9      | Found a shadowy altar of Dithmenos.
  9136 | D:9      | Found a glowing silver altar of Zin.
  9137 | D:9      | Found a shimmering blue altar of Sif Muna.
  9139 | D:9      | Found a burning altar of Makhleb.
  9142 | D:9      | Found a hide-covered altar of Uskayaw.
  9569 | D:10     | Noticed a two-headed ogre
  9587 | D:10     | Killed a two-headed ogre
  9587 | D:10     | Reached skill level 5 in Fighting
  9825 | D:10     | Reached skill level 9 in Spellcasting
 10096 | D:10     | Noticed an unseen horror
 10100 | D:10     | Killed an unseen horror
 10419 | D:11     | Noticed a death knight
 10446 | Lair:1   | Entered Level 1 of the Lair of Beasts
 10725 | Lair:1   | Reached XP level 11. HP: 67/84 MP: 14/24
 11501 | Lair:2   | Reached skill level 10 in Spellcasting
 11804 | Lair:2   | Found a hole to the Spider Nest.
 11858 | Lair:2   | Noticed Nergalle
 11865 | Lair:2   | Noticed a seven-headed hydra
 11873 | Lair:2   | Killed Nergalle
 12606 | Lair:2   | Slain by a seven-headed hydra

Levels and vault maps discovered:
D:1:      wander_arrival_desolate, layout_basic
D:2:      layout_loops_corners, uniq_crazy_yiuf_cottage
D:3:      layout_basic, nicolae_overflow_crystal_walls, kennysheep_another_room
D:4:      layout_loops_corners, nicolae_overflow_hidden_temple,
          minmay_temple_entry_sparse_star, gammafunk_ghost_arena,
          eino_tiny_chamber, kennysheep_dice
D:5:      layout_rooms, first_ration, xom_teletrap_fun, uniq_edmund
D:6:      layout_loops_ring, lightli_sewer_entry_pipes, basic_altar
D:7:      nicolae_whirlpool, layout_basic,
          chequers_temple_overflow_statue_of_worship, gammafunk_ghost_smash,
          nicolae_ashenzari_panopticon, uniq_menkaure
D:8:      layout_loops_corners, fedhas_ov_isle_minmay, grunt_ogre_cave,
          disabler_island, uniq_erica
D:9:      layout_cave_pools, minitemple, old_standard_altar, lair_entry_dummy,
          st_stairs_4, nicolae_dithmenos_the_darkroom
D:10:     layout_roguey
D:11:     layout_cave_pools, orc_0_dummy, kennysheep_generic_room_12
Temple:   jpeg_temple_alley_garden
Lair:1:   layout_layer_cave, minivault_26, serial_bayou_shore_a
Lair:2:   layout_gridlike, dummy_spider_entry, serial_bayou_shore_b,
          uniq_nergalle

Skill      XL: |  1  2  3  4  5  6  7  8  9 10 11 |
---------------+----------------------------------+-----
Conjurations   | 1 2 3 4 5 6 7 8 |  8.0
Spellcasting   | 3 4 5 6 8 9 10 | 10.7
Fire Magic     | 3 4 5 7 8 |  8.1
Fighting       | 3 7 9 |  9.3
Dodging        | |  1.5
Stealth        | |  1.5

Action                   |  1- 3 |  4- 6 |  7- 9 | 10-12 || total
-------------------------+-------+-------+-------+-------++-------
Melee: Club              |    63 |    19 |       |       ||    82
       Unarmed           |     4 |       |       |       ||     4
       Spear             |       |    43 |    94 |       ||   137
       War axe           |       |       |    45 |    47 ||    92
 Cast: Flame Tongue      |    65 |   103 |   108 |    86 ||   362
       Sticky Flame      |       |     5 |    36 |    34 ||    75
       Conjure Flame     |       |     2 |    10 |     5 ||    17
       Fireball          |       |       |    21 |    29 ||    50
Evoke: Wand              |       |       |    13 |     8 ||    21
  Use: Scroll            |       |       |     5 |     8 ||    13
 Stab: Sleeping          |     1 |       |     1 |       ||     2
       Paralysed         |       |       |     2 |       ||     2
Armor: Robe              |    39 |    26 |    88 |    21 ||   174
       Leather armour    |       |       |       |    21 ||    21
Dodge: Dodged            |    65 |    66 |   114 |    58 ||   303
Block: Other             |       |       |     8 |    25 ||    33
       Reflection        |       |       |     2 |     1 ||     3
